 Dungeon Crawl Stone Soup version 0.16.0-5-g717f7e7 (console) character file.

49 gw the Firebug (level 3, -4/28 HPs)
             Began as a Draconian Fire Elementalist on Mar 14, 2015.
             Slain by a gnoll
             ... wielding a +0 spear
              (10 damage)
             ... on level 2 of the Dungeon.
             The game lasted 00:01:28 (2278 turns).

gw the Firebug (Draconian Fire Elementalist)        Turns: 2278, Time: 00:01:28

Health: -4/28      AC:  5    Str: 10    XL:     3   Next: 51%
Magic:  0/6        EV: 12    Int: 16    God:
Gold:   31         SH:  0    Dex: 11    Spells: 2 memorised, 4 levels left

rFire  . . .     SeeInvis .     b - +0 club
rCold  . . .     Clarity  .     (armour unavailable)
rNeg   . . .     SustAb   .     (no shield)
rPois  .         Gourm    .     (helmet restricted)
rElec  .         Spirit   .     (no cloak)
rCorr  .         Warding  .     (no gloves)
rMut   .         Stasis   .     (no boots)
MR     .....                    (no amulet)
Stlth  ++........               (no ring)
                                (no ring)

@: not resistant to hostile enchantments, unstealthy
A: unfitting armour, cold-blooded, AC +5
a: no special abilities


You were on level 2 of the Dungeon.
You were not hungry.

You visited 1 branch of the dungeon, and saw 2 of its levels.

You collected 31 gold pieces.

Inventory:

Hand weapons
 b - a +0 club (weapon)
Missiles
 a - 74 stones (quivered)
Magical devices
 f - a wand of random effects (23)
Scrolls
 d - a scroll of recharging {unknown}
 e - a scroll of identify
 i - a scroll of blinking {unknown}
Potions
 h - 2 potions of cancellation
Books
 g - a book of Flames

   Spells                             Type                      Level
   a - Flame Tongue                   Conjuration/Fire             1
   b - Throw Flame                    Conjuration/Fire             2
   c - Conjure Flame                  Conjuration/Fire             3
   d - Inner Flame                    Hexes/Fire                   3
   e - Sticky Flame                   Conjuration/Fire             4
   f - Fireball                       Conjuration/Fire             5
Comestibles
 c - 2 bread rations


   Skills:
 + Level 1.4 Fighting
 + Level 2.2 Dodging
 - Level 1.7 Stealth
 * Level 2.7 Spellcasting
 - Level 1.0 Conjurations
 + Level 3.3 Fire Magic


You had 4 spell levels left.
You knew the following spells:

 Your Spells              Type           Power        Failure   Level  Hunger
a - Flame Tongue          Conj/Fire      #....        10%         1    #......
b - Throw Flame           Conj/Fire      #.....       14%         2    ##.....


Dungeon Overview and Level Annotations

Branches:
Dungeon (2/15)

Altars:
Ashenzari
Nemelex Xobeh
The Shining One


Innate Abilities, Weirdness & Mutations

Your plain brown scales are hard (AC +5).
Your body does not fit into most forms of armour.
Your cold-blooded metabolism reacts poorly to cold.


Message History

Unknown command.
Unknown command.
ATTACK MOVE TO (-1,-1)
You hit the gnoll.
The gnoll is lightly wounded.
The gnoll hits you but does no damage. The gnoll hits you with a spear!
The gnoll hits you with a whip. The gnoll closely misses you.
Unknown command.
Unknown command.
Unknown command.
Unknown command.
Casting: Flame Tongue
Confirm with . or Enter, or press ? or * to list all spells.
Aiming: Flame Tongue
Press: ? - help, Shift-Dir - straight line, f - gnoll
Aim: a gnoll, wielding a whip (lightly wounded)
The flame tongue hits the gnoll.
The gnoll appears unharmed.
The gnoll is lightly wounded.
The gnoll closely misses you. The gnoll hits you with a spear!
You die...

... #.. .w# .. #### #.
...# #.######.#
#(.....#.# #ggg...#.#
. ...###d....#.# #.
#.#.#.###)....# #.#
.......##......# #.#
.#.#.#.#.##......#
#.#..........##.####.#
#.##.#.#.#.#.##.# .#
..##.........##.# ..
## #.#..#.#.#.#..#.###
### #.
#.#...............#
###.


You could see a worm and 3 gnolls.

Table legend:
 A = Turns spent in this place as a percentage of turns spent in the entire game.
 B = Non-inter-level travel turns spent in this place as a percentage of non-inter-level travel turns spent in the entire game.
 C = Inter-level travel turns spent in this place as a percentage of turns spent in this place.
 D = Turns resting spent in this place as a percentage of non-inter-level travel turns spent in this place.
 E = Turns spent auto-exploring this place as a percentage of non-inter-level travel turns spent in this place.
 F = Non-inter-level travel turns spent in this place divided by the number of levels of this place that you've seen.
                   A       B       C       D       E      F
               +-------+-------+-------+-------+-------+----------------------
         Total | 100.0 | 100.0 |   0.7 |   3.3 |   3.0 | 1010.5
       Dungeon | 100.0 | 100.0 |   0.7 |   3.3 |   3.0 | 1010.5
               +-------+-------+-------+-------+-------+----------------------

Table legend:
 A = Kills in this place as a percentage of kills in entire the game.
 B = Kills by you in this place as a percentage of kills by you in the entire game.
 C = Kills by friends in this place as a percentage of kills by friends in the entire game.
 D = Other kills in this place as a percentage of other kills in the entire game.
 E = Experience gained in this place as a percentage of experience gained in the entire game.
 F = Experience gained in this place divided by the number of levels of this place that you have seen.
                   A       B       C       D       E      F
               +-------+-------+-------+-------+-------+----------------------
         Total | 100.0 | 100.0 |  -nan |  -nan | 100.0 |  35.0
       Dungeon | 100.0 | 100.0 |  -nan |  -nan | 100.0 |  35.0
               +-------+-------+-------+-------+-------+----------------------

Vanquished Creatures
  An adder (D:2)
  A gnoll (D:2)
  2 giant geckos (D:2)
  2 giant cockroaches
  2 goblins (D:1)
  6 hobgoblins (D:1)
  4 bats
  A giant newt (D:1)
  5 kobolds
  3 rats
27 creatures vanquished.

Notes
Turn   | Place    | Note
--------------------------------------------------------------
     0 | D:1      | gw, the Draconian Fire Elementalist, began the quest for the Orb.
     0 | D:1      | Reached XP level 1. HP: 14/14 MP: 3/3
   489 | D:1      | Found a shattered altar of Ashenzari.
   635 | D:1      | Reached XP level 2. HP: 22/22 MP: 5/5
   639 | D:1      | Learned a level 2 spell: Throw Flame
  1542 | D:2      | Found a sparkling altar of Nemelex Xobeh.
  1712 | D:2      | Found a glowing golden altar of the Shining One.
  1926 | D:2      | Reached XP level 3. HP: 27/27 MP: 1/6
  2203 | D:2      | Reached skill level 1 in Fighting
  2278 | D:2      | Slain by a gnoll

Action                   || total
-------------------------++-------
Melee: Club              ||     5
Throw: Stone             ||    30
 Cast: Flame Tongue      ||    36
       Throw Flame       ||    20
  Use: Scroll            ||     4
       Potion            ||     1
  Eat: Chunk             ||     6

Vault maps used:
D:1:      minmay_arrival_cross, ashenzari_altar_1
D:2:      nemelex_deck, lightli_temple_of_fire, nicolae_overflow_crystal_walls,
          serial_co_window_serial, co_window_corner_a, co_window_paths_a,
          co_window_corner_a, co_window_paths_a, co_window_of_opportunity_a,
          co_window_corner_b, co_window_corner_b, co_window_corner_ca,
          co_window_corner_b, glass_columns_c, glass_columns_a, glass_columns_a,
          glass_columns_a, glass_columns_a
